 Seeded DCSS version 0.31-a0-154-g56bf346678 (webtiles) character file.

Game seed: 2788064069220614859 (custom seed)

575 SigmundSlayer the Prestidigitator (level 7, -1/58 HPs)
             Began as a Gnoll Artificer on June 11, 2023.
             Was a Believer of Makhleb.
             Slain by a gnoll
             ... wielding a +1 heavy halberd
             ... led by a gnoll bouda
              (25 damage)
             ... on level 4 of the Dungeon.
             The game lasted 00:03:50 (2977 turns).

SigmundSlayer the Prestidigitator (Gnoll Artificer) Turns: 2977, Time: 00:03:51

Health: -1/58      AC:  8    Str: 11    XL:     7   Next: 35%
Magic:  15/15      EV: 12    Int: 13    God:    Makhleb [**....]
Gold:   203        SH:  5    Dex: 12    Spells: 17/17 levels left

rFire   . . .        a - +0 flail
rCold   + . .        (no shield)
rNeg    + . .        f - +0 ring mail
rPois   .            (no helmet)
rElec   .            (no cloak)
rCorr   .            (no gloves)
SInv    .            h - +0 pair of boots
Will    .....        b - amulet of reflection
Stlth   ++           j - ring of Medy {rC+ rN+}
HPRegen 0.29/turn    (no ring)
MPRegen 0.14/turn

%: reflection
@: no status effects
A: fangs 1, strong nose, distributed training
a: Renounce Religion, Minor Destruction


You were on level 4 of the Dungeon.
You worshipped Makhleb.
Makhleb was pleased with you.
You visited 1 branch of the dungeon, and saw 4 of its levels.

You collected 203 gold pieces.

Inventory:

Hand Weapons
 a - a +0 flail (weapon)
 r - a +0 shortbow
Armour
 f - a +0 ring mail (worn)
 h - a +0 pair of boots (worn)
Jewellery
 b - an amulet of reflection (around neck)
 j - the ring of Medy (left hand) {rC+ rN+}
   (You found it on level 2 of the Dungeon)

   [ring of protection from cold]

   rC:        It protects you from cold.
   rN:        It protects you from negative energy.
 s - a ring of protection from cold
 u - a +6 ring of dexterity
Wands
 c - a wand of flame (11) (quivered)
 d - a wand of charming (9)
 e - a wand of iceblast (3)
Scrolls
 g - a scroll of fear {unknown}
 i - 2 scrolls of identify {unknown}
 k - a scroll of amnesia {unknown}
 m - a scroll of immolation {unknown}
 o - a scroll of magic mapping {unknown}
 p - a scroll of fog {unknown}
 q - a scroll of enchant armour {unknown}
 t - a scroll of teleportation {unknown}
 x - 2 scrolls of vulnerability {unknown}
Potions
 l - a potion of magic {unknown}
 n - a potion of enlightenment {unknown}
 v - a potion of brilliance {unknown}
 w - a potion of lignification {unknown}


   Skills:
 + Level 6.2 Fighting
 + Level 5.6 Short Blades
 + Level 5.6 Long Blades
 + Level 5.6 Axes
 + Level 5.6 Maces & Flails
 + Level 5.6 Polearms
 + Level 5.6 Staves
 + Level 5.6 Ranged Weapons
 + Level 5.6 Throwing
 + Level 7.3 Armour
 + Level 6.2 Dodging
 + Level 6.1 Stealth
 + Level 5.6 Shields
 + Level 5.6 Unarmed Combat
 + Level 5.6 Spellcasting
 + Level 4.6 Conjurations
 + Level 4.6 Hexes
 + Level 4.6 Summonings
 + Level 4.6 Necromancy
 + Level 4.6 Translocations
 + Level 4.6 Transmutations
 + Level 4.6 Fire Magic
 + Level 4.6 Ice Magic
 + Level 4.6 Air Magic
 + Level 4.6 Earth Magic
 + Level 4.6 Poison Magic
 + Level 6.2 Invocations
 + Level 8.7 Evocations


You had 17 spell levels left.
You didn't know any spells.
Your spell library contained the following spells:

 Spells                   Type           Power      Damage    Failure   Level
 Ignite Poison            Fire/Tmut/Pois 15%        N/A       17%         3
 Sticky Flame             Conj/Fire      15%        2d4       50%         4
 Ignition                 Fire           7%         3d5       100%        8


Dungeon Overview and Level Annotations

Branches:
Dungeon (4/15)
 Temple: D:4-7

Altars:
Gozag
Makhleb
Xom
Zin

Shops:
D:2 !


Innate Abilities, Weirdness & Mutations

You have very sharp teeth.
Your uncanny sense of smell can sniff out nearby items.
Your experience applies equally to all skills.


Message History

The gnoll closely misses you. The gnoll hits you with a +0 club.
The gnoll closely misses you.
You hit the gnoll bouda.
The gnoll bouda is lightly wounded.
The gnoll bouda barely misses you. The gnoll hits you but does no damage.
The gnoll misses you. The gnoll closely misses you.
The gnoll barely misses you.
You hit the gnoll bouda but do no damage.
You bite the gnoll bouda, but do no damage.
The gnoll bouda is lightly wounded.
The gnoll barely misses you. The gnoll bouda completely misses you.
The gnoll hits you from afar with a +0 spear.
The gnoll hits you with a +0 club.
The gnoll hits you but does no damage. x2
You sock the gnoll bouda!
The gnoll bouda is severely wounded.
The gnoll bouda hits you but does no damage.
The gnoll closely misses you. You block the gnoll's attack.
The gnoll hits you from afar with a +1 heavy halberd.
The gnoll closely misses you. x2
You closely miss the gnoll bouda.
The gnoll bouda is severely wounded.
You block the gnoll bouda's attack. The gnoll barely misses you.
The gnoll hits you but does no damage. The gnoll barely misses you.
The gnoll misses you. You block the gnoll's attack.
You barely miss the gnoll bouda.
The gnoll bouda is severely wounded.
The gnoll bouda hits you with a +0 club.
The gnoll barely misses you.
The gnoll hits you but does no damage. x2
The gnoll barely misses you. The gnoll bouda closely misses you.
You hit the gnoll bouda. Your bite misses the gnoll bouda.
The gnoll bouda is almost dead.
You block the gnoll's attack. x2; The gnoll completely misses you.
The gnoll barely misses you. You block the gnoll's attack.
The gnoll bouda barely misses you. The gnoll barely misses you.
The gnoll hits you but does no damage.
You barely miss the gnoll bouda. Your bite misses the gnoll bouda.
The gnoll bouda is almost dead.
The gnoll hits you with a +0 spear. The gnoll hits you with a +0 club.
The gnoll hits you from afar with a +1 heavy halberd!!
You die...

.. ..... .....
############.....
#................
+##..ggg†..........
.....gg@...........
.......g...........
...########'#########+# .
+......#.......#
#......'.......#
#......#.......#
#......#.......+. #####
#+#####...##...###+#.
#....##..#########...###.##


You could see a gnoll bouda and 5 gnolls.

Vanquished Creatures
  A bullfrog (D:3)
  A jelly (D:3)
  2 orc priests
  An iguana (D:4)
  Terence (D:3)
  A sleepcap (D:4)
  A hound zombie (D:3)
  2 hound skeletons (D:3)
  A gnoll (D:3)
  An adder (D:3)
  4 worms
  3 dart slugs
  7 orcs
  8 endoplasms
  3 giant cockroaches (D:1)
  5 goblins
  2 hobgoblins
  3 jackals (D:2)
  2 quokkas (D:2)
  7 ball pythons
  6 bats
  2 frilled lizards
  7 kobolds
  A quokka zombie (D:3)
  6 rats
78 creatures vanquished.

Vanquished Creatures (collateral kills)
  A goblin (D:4)
1 creature vanquished.

Vanquished Creatures (others)
  An orc wizard (D:4)
  3 gnolls
  An orc (D:4)
  An endoplasm (D:4)
  A hobgoblin (D:4)
7 creatures vanquished.

Grand Total: 86 creatures vanquished

Notes
Turn   | Place    | Note
-------+----------+-------------------------------------------
     0 | D:1      | SigmundSlayer the Gnoll Artificer began the quest for the
                  | Orb.
     0 | D:1      | Reached XP level 1. HP: 17/17 MP: 1/1
   131 | D:1      | Reached XP level 2. HP: 23/23 MP: 2/2
   227 | D:1      | Found a faded altar of an unknown god.
   242 | D:1      | Prayed at the altar of an unknown god.
   242 | D:1      | Became a worshipper of Makhleb the Destroyer
   242 | D:1      | Reached * piety under Makhleb
   420 | D:1      | Reached XP level 3. HP: 28/28 MP: 3/3
   770 | D:2      | Reached skill level 1 in Invocations
   795 | D:2      | Identified the ring of Medy {rC+ rN+}
   987 | D:2      | Found Zokhlu's Distillery.
  1135 | D:2      | Reached skill level 1 in Short Blades
  1135 | D:2      | Reached skill level 1 in Long Blades
  1135 | D:2      | Reached skill level 1 in Axes
  1135 | D:2      | Reached skill level 1 in Maces & Flails
  1135 | D:2      | Reached skill level 1 in Polearms
  1135 | D:2      | Reached skill level 1 in Staves
  1135 | D:2      | Reached skill level 1 in Ranged Weapons
  1135 | D:2      | Reached skill level 1 in Throwing
  1135 | D:2      | Reached skill level 1 in Shields
  1135 | D:2      | Reached skill level 1 in Unarmed Combat
  1135 | D:2      | Reached skill level 1 in Spellcasting
  1230 | D:3      | Found an opulent altar of Gozag.
  1381 | D:3      | Reached XP level 4. HP: 34/34 MP: 5/5
  1381 | D:3      | Reached skill level 5 in Fighting
  1381 | D:3      | Reached skill level 5 in Dodging
  1381 | D:3      | Reached skill level 5 in Stealth
  1381 | D:3      | Reached skill level 7 in Evocations
  1381 | D:3      | Reached XP level 5. HP: 44/44 MP: 5/11
  1382 | D:3      | Reached skill level 5 in Short Blades
  1382 | D:3      | Reached skill level 5 in Long Blades
  1382 | D:3      | Reached skill level 5 in Axes
  1382 | D:3      | Reached skill level 5 in Maces & Flails
  1382 | D:3      | Reached skill level 5 in Polearms
  1382 | D:3      | Reached skill level 5 in Staves
  1382 | D:3      | Reached skill level 5 in Ranged Weapons
  1382 | D:3      | Reached skill level 5 in Throwing
  1382 | D:3      | Reached skill level 5 in Shields
  1382 | D:3      | Reached skill level 5 in Unarmed Combat
  1382 | D:3      | Reached skill level 5 in Spellcasting
  1382 | D:3      | Reached skill level 8 in Evocations
  1382 | D:3      | Reached XP level 6. HP: 52/52 MP: 5/14
  1481 | D:3      | Reached ** piety under Makhleb
  1896 | D:3      | Found a glowing silver altar of Zin.
  1966 | D:3      | Noticed Terence
  1981 | D:3      | Killed Terence
  1982 | D:3      | Reached XP level 7. HP: 26/58 MP: 15/15
  2603 | D:4      | Found a shimmering altar of Xom.
  2977 | D:4      | Slain by a gnoll

Illustrated notes

Levels and vault maps discovered:
D:1:      wander_arrival_desolate, layout_basic, ebering_ecumenical_altar_ruins,
          st_stairs_7
D:2:      layout_rooms, serial_shops, shop, hangedman_decor_diamond_cutter
D:3:      minmay_door_path, layout_basic, grunt_gozag_statues, zin_treasury,
          serial_undead, serial_undead_a, serial_undead_d, serial_undead_b,
          serial_undead_e, uniq_terence
D:4:      layout_gridville, xom_confusion_cloud, hangedman_abyss_or_decor_stabs,
          uniq_duvessa

Skill      XL: |  1  2  3  4  5 |
---------------+----------------+-----
Invocations    | 1 4 6 |  6.2
Short Blades   | 1 4 5 |  5.6
Long Blades    | 1 4 5 |  5.6
Axes           | 1 4 5 |  5.6
Maces & Flails | 1 4 5 |  5.6
Polearms       | 1 4 5 |  5.6
Staves         | 1 4 5 |  5.6
Ranged Weapons | 1 4 5 |  5.6
Throwing       | 1 4 5 |  5.6
Shields        | 1 4 5 |  5.6
Unarmed Combat | 1 4 5 |  5.6
Spellcasting   | 1 4 5 |  5.6
Fighting       | 5 6 |  6.2
Armour         | 6 7 |  7.3
Dodging        | 5 6 |  6.2
Stealth        | 5 6 |  6.1
Conjurations   | 3 4 |  4.6
Hexes          | 3 4 |  4.6
Summonings     | 3 4 |  4.6
Necromancy     | 3 4 |  4.6
Translocations | 3 4 |  4.6
Transmutations | 3 4 |  4.6
Fire Magic     | 3 4 |  4.6
Ice Magic      | 3 4 |  4.6
Air Magic      | 3 4 |  4.6
Earth Magic    | 3 4 |  4.6
Poison Magic   | 3 4 |  4.6
Evocations     | 7 8 |  8.7

Action                     |  1- 3 |  4- 6 |  7- 9 || total
---------------------------+-------+-------+-------++-------
  Melee: Club              |   129 |       |    24 ||   153
         Bite              |    16 |       |     6 ||    22
         Punch             |     1 |       |     2 ||     3
         Flail             |       |       |    11 ||    11
   Fire: Shortbow          |    41 |    86 |    68 ||   195
  Evoke: Wand              |     4 |     1 |     7 ||    12
    Use: Potion            |       |     2 |       ||     2
   Stab: Sleeping          |     2 |       |     1 ||     3
 Armour: Ring mail         |    75 |    10 |    46 ||   131
  Dodge: Dodged            |   105 |    17 |    68 ||   190
  Block: Other             |    46 |     8 |    30 ||    84
         Reflection        |     1 |       |       ||     1

Table legend: (Time is in decaauts)
 A = Elapsed time spent in this place.
 B = Non-inter-level travel time spent in this place.
 C = Inter-level travel time spent in this place.
 D = Time resting spent in this place.
 E = Time spent auto-exploring this place.
 F = Levels seen in this place.
 G = Mean time per level.
                   A        B        C        D        E       F      G
               +--------+--------+--------+--------+--------+-----+--------+
         Total |   3066 |   3010 |     56 |    220 |   2075 |   4 |  766.5 |
       Dungeon |   3066 |   3010 |     56 |    220 |   2075 |   4 |  766.5 |
               +--------+--------+--------+--------+--------+-----+--------+

Top non-repeatable levels by time:
     D:3: 1411 daAuts
     D:1: 747 daAuts
     D:2: 522 daAuts
     D:4: 384 daAuts
